 Dungeon Crawl Stone Soup version 0.31.0 (webtiles) character file.

Game seed: 1437126616820107639

21 qw the Shooter (level 2, -1/17 HPs)
             Began as a Gargoyle Hunter on Jan 19, 2024.
             Slain by a kobold
             ... wielding a +0 club
              (2 damage)
             ... on level 1 of the Dungeon.
             The game lasted 00:00:00 (165 turns).

qw the Shooter (Gargoyle Hunter)                     Turns: 165, Time: 00:00:01

Health: -1/17      AC:  5    Str: 14    XL:     2   Next: 87%
Magic:  2/2        EV: 11    Int:  9    God:
Gold:   20         SH:  0    Dex: 13    Spells: 1/1 levels left

rFire   . . .        a - +0 shortbow
rCold   . . .        (shield currently unavailable)
rNeg    + . .        c - +0 leather armour
rPois   inf          (no helmet)
rElec   +            (no cloak)
rCorr   .            (no gloves)
SInv    .            (no boots)
Will    .....        (no amulet)
Stlth   +            (no ring)
HPRegen 0.22/turn    (no ring)
MPRegen 0.08/turn

%: no passive effects
@: no status effects
A: sickness immunity, AC +2, negative energy resistance 1, electricity
resistance, torment resistance 1, petrification resistance
a: no special abilities


You were on level 1 of the Dungeon.
You visited 1 branch of the dungeon, and saw 1 of its levels.

You collected 20 gold pieces.


Innate Abilities, Weirdness & Mutations

You are immune to sickness and miasma.
Your stone body is resilient. (AC +2)
You are immune to poison.
You resist negative energy. (rN+)
You are resistant to electric shocks. (rElec)
You are resistant to unholy torment.
You are immune to petrification.


   Skills:
 - Level 2.1 Fighting
 + Level 4.8 Ranged Weapons
 - Level 1.5 Dodging
 - Level 1.1 Stealth


You had one spell level left.
You didn't know any spells.
Your spell library was empty.

Inventory:

Hand Weapons
 a - a +0 shortbow (weapon)
Armour
 c - a +0 leather armour (worn)
Scrolls
 b - a scroll of butterflies

Dungeon Overview and Level Annotations

Branches:
Dungeon (1/15)

Altars:


Message History

You shoot an arrow. The arrow hits the dart slug!
You kill the dart slug!
The hobgoblin hits you but does no damage.
You shoot an arrow. The arrow closely misses the hobgoblin.
The rat bites you but does no damage. The kobold hits you with a +0 club.
The hobgoblin hits you but does no damage.
You shoot an arrow. The arrow hits the hobgoblin!
You kill the hobgoblin!
The rat completely misses you. The kobold hits you with a +0 club.
The rat bites you. The kobold hits you but does no damage.
You shoot an arrow. The arrow hits the quokka.
The quokka is lightly wounded.
The quokka bites you but does no damage.
The kobold closely misses you. The rat closely misses you.
You shoot an arrow. The arrow closely misses the quokka.
The quokka bites you but does no damage.
The rat completely misses you. The kobold barely misses you.
The quokka misses you.
You shoot an arrow. The arrow hits the quokka.
The quokka is almost dead.
The quokka bites you. The kobold misses you. The rat bites you.
You shoot an arrow. The arrow misses the quokka.
The quokka barely misses you. The rat closely misses you.
The kobold hits you with a +0 club. The quokka closely misses you.
You shoot an arrow. The arrow barely misses the quokka.
The kobold completely misses you. The rat bites you but does no damage.
The quokka closely misses you. The kobold barely misses you.
The rat bites you but does no damage.
You shoot an arrow. The arrow hits the quokka!
You kill the quokka!
The kobold closely misses you. The rat bites you but does no damage.
You shoot an arrow. The arrow closely misses the kobold.
The kobold barely misses you. The rat bites you.
You shoot an arrow. The arrow barely misses the kobold.
The kobold closely misses you. The rat bites you but does no damage.
You shoot an arrow.
The arrow hits the kobold but does no damage.
The kobold closely misses you. The rat bites you.
The kobold hits you with a +0 club.
You die...

#########.......#
##########.......#
.........###.####
#)#####.# #.#
#..####.......# #..
#..........#%.##.###
##.........#
#.####..####...##
#.....@## ##..#
#####K%r....#..#
#...##..#.#%# #..##
#.#..# #..# .#.#..
#..# #. #..# #...


You could see a kobold and a rat.

Vanquished Creatures
  2 dart slugs (D:1)
  A ball python (D:1)
  A bat (D:1)
  2 endoplasms (D:1)
  A giant cockroach (D:1)
  A goblin (D:1)
  A hobgoblin (D:1)
  2 jackals (D:1)
  A quokka (D:1)
  A frilled lizard (D:1)
  2 rats (D:1)
15 creatures vanquished.

Notes
Turn   | Place    | Note
-------+----------+-------------------------------------------
     0 | D:1      | qw the Gargoyle Hunter began the quest for the Orb.
     0 | D:1      | Reached XP level 1. HP: 12/12 MP: 1/1
     0 | D:1      | 0 ||| qw: Version: 0.3-a-132-g3d54051
     0 | D:1      | 0 ||| qw: Game counter: 243
     0 | D:1      | 0 ||| qw: Melee chars always use a shield: true
     0 | D:1      | 0 ||| qw: God list: Okawaru
     0 | D:1      | 0 ||| qw: Allow faded altars: false
     0 | D:1      | 0 ||| qw: Do Orc after clearing Dungeon:15 true
     0 | D:1      | 0 ||| qw: Do second Lair branch before Depths: true
     0 | D:1      | 0 ||| qw: Lair rune preference: random
     0 | D:1      | 0 ||| qw: Goals: Normal
     0 | D:1      | 0 ||| PLANNING D:1-11
    92 | D:1      | Reached XP level 2. HP: 17/17 MP: 2/2
   159 | D:1      | HP: 3/17 [rat (2)]
   163 | D:1      | HP: 1/17 [rat (1)]
   165 | D:1      | Slain by a kobold

Levels and vault maps discovered:
D:1:      dpeg_arrival_pits, layout_loops_cross, minmay_close_crescents

Action                     || total
---------------------------++-------
   Fire: Shortbow          ||    52
 Armour: Leather armour    ||    36
  Dodge: Dodged            ||    38

Table legend:
 A = Non-vault XP
 B = Vault XP
 C = Vault XP percentage of total XP
 D = Non-vault monster count
 E = Vault monster count
 F = Vault count percentage of total count
                 A         B        C        D         E       F
            +---------+---------+-------+---------+---------+-------
      Total |      19 |      12 |  38.7 |      11 |       4 |  26.7
            +---------+---------+-------+---------+---------+-------
        D:1 |      19 |      12 |  38.7 |      11 |       4 |  26.7
            +---------+---------+-------+---------+---------+-------
